 BcadrenCrawl: Boulder Brew version 0.06-688-g08e91b2d95 (webtiles) character file.

Game seed: 11319150488631447048

114 Leeroy the Sneak (level 4, -1/54 HPs) Tengu Naga. Began on Jan 29, 2023. Slain by an adder (2 damage) ... on level 2 of the Dungeon. The game lasted 00:02:31 (1219 turns).

Leeroy the Sneak (Tengu Naga)                       Turns: 1219, Time: 00:02:32

Health: -1/54      AC:  3    Str: 12 (13) XL:     4 ^: 2
Magic:  6/6        EV:  9    Int: 12      God:
Gold:   52         SH:  0    Dex: 12 (14) Spells: 4/5 levels left

rFire    . . .     Slash    .   a - +0 falchion
rCold    . . .     Pierce   .   i - +3 dagger (speed)
rNeg     . . .     Bludgeon .   b - +0 leather armour
rCorr    . . .     Vision   +   (helmet restricted)
rPois    +         Gourm    .   (no cloak)
rElec    .         Faith    .   (no gloves)
MR       .....     Spirit   .   (no barding)
HPRegen  0.28/turn Reflect  .   (no amulet)
MPRegen  0.16/turn Harm     .   (no ring)
Stlth    +++.......             (no ring)

@: lethally poisoned (-1 -> -2), very slow
A: large, beak, talons, see invisible, deformed body 1, deterioration, poison
resistance, slowness 2, slow metabolism 1, spit poison 1, constrict 1, AC +1
a: Spit Poison


You were on level 2 of the Dungeon.
You were not hungry.

You visited 1 branch of the dungeon, and saw 2 of its levels.

You collected 52 gold pieces.

Inventory:

Weapons
 a - a +0 falchion (weapon)
 i - a +3 dagger of speed (weapon)
Armour
 b - a +0 leather armour (worn)
Jewellery
 e - a cursed amulet of rage {(Curse: -Tele)}
 g - a cursed ring of protection from magic {(Curse: rC-)}
 h - a cursed ring of dexterity {(Curse: *Drain)}
 j - a cursed amulet of the acrobat {(Curse: rF-)}
Scrolls
 c - 2 scrolls of fog
Miscellaneous
 f - a lightning rod (4/4)
Comestibles
 d - 3 rations


   Skills:
 - Level 0.2 Fighting
 + Level 4.3 Long Blades
 - Level 1.4 Armour
 - Level 1.2 Dodging
 - Level 4.9 Stealth
 - Level 1.0 Spellcasting
 - Level 2.0 Poison Magic


You had 4 spell levels left.
You knew the following spells:

 Your Spells              Type           Power        Failure   Level  Hunger
a - Poisonous Vapours     Pois/Air       3 (50)       22%         1    28-48

Your spell library contained the following spells:

 Spells                   Type           Power        Failure   Level  Hunger
 Sting Pois 5 (25) 22% 2 68-108 Mephitic Cloud Pois/Air 3 (100) 54% 3 108-168 Ignite Poison Fire/Tmut 0 (100) 69% 3 108-168 Olgreb's Toxic Radiance Pois           5 (100)      82%         4    188-288


Dungeon Overview and Level Annotations

Branches:
Dungeon (2/8)

Altars:

Shops:
D:2 (


Innate Abilities, Weirdness & Mutations

Your serpentine skin is resilient. (AC +1)
You have a beak for a mouth.
You have razor-sharp talons for feet.
You have supernaturally acute eyesight. (+Vis)
Armour fits poorly on your strangely shaped body.
Your system is resistant to poisons. (rPois)
You cover ground very slowly.
You have a slow metabolism.
You can spit venom.
You can use your snake-like lower body to constrict enemies.
Your body often falls apart upon taking damage.


Message History

Unknown command.
The kobold shouts!
The adder hisses angrily.
A big kobold comes into view.
The adder bites you (1).
* * * LOW HITPOINT WARNING * * *
The adder bites you (1).
* * * LOW HITPOINT WARNING * * *
You see here a giant cockroach corpse.
The adder bites you (3).
* * * LOW HITPOINT WARNING * * *
A kobold comes into view.
The adder bites you (1).
* * * LOW HITPOINT WARNING * * *
You are poisoned.
The adder poisons you (5). The adder bites you (3).
* * * LOW HITPOINT WARNING * * *
Your body deteriorates!
You feel clumsy.
A kobold comes into view.
The adder bites you (2).
You die...

.## #≈##≈###≈≈}..≈≈.#
♣≈##
####≈###≈##≈..≈...≈#
∩.♣#
#≈.≈≈≈≈≈###;P≈≈%≈≈≈#
♣###
#≈##'##≈≈≈#PP≈†≈≈≈≈##≈#
##
#≈#≈..#.#≈.P≈≈≈≈≈≈≈≈≈≈#
#≈#≈8.#.≈.#PPP≈≈≈≈≈##≈#
##≈#≈..#≈.##≈P≈PP≈≈≈# #
#≈.##'##.###.SP≈PP≈≈#
#.≈......#


#@SPP≈PPP# #.##.≈#### #.≈PP.P≈≈# #PPP.## #.PP....≈# ####P# ?K≈P.≈≈≈≈# #P≈
≈.≈≈..≈≈≈≈# # .##K..≈≈≈≈≈. KK≈≈≈ ≈P. #.b≈≈≈≈≈ You could see a big kobold, 2
submerged adders and 3 kobolds.

Vanquished Creatures
  A jelly (D:2)
  3 giant cockroaches
  An adder (D:2)
  2 cinder newts
  A leopard gecko (D:1)
  2 bats (D:1)
  A goblin (D:1)
  5 hobgoblins (D:1)
  A bat skeleton (D:2)
  4 kobolds (D:1)
  3 rats (D:1)
24 creatures vanquished.

Vanquished Creatures (others)
  A sewer rat (D:2)
  A worm (D:2)
  A leopard gecko (D:2)
  A bat skeleton (D:2)
  A giant blowfly (D:2)
  87 withered plants (D:2)
92 creatures vanquished.

Grand Total: 116 creatures vanquished

Notes
Turn   | Place    | Note
-------+----------+-------------------------------------------
     0 | D:1      | Leeroy the Tengu Naga began the quest for the Orb.
     0 | D:1      | Reached XP level 1. HP: 27/27 MP: 3/3
    35 | D:1      | Reached XP level 2. HP: 11/36 MP: 4/4
   389 | D:1      | Reached XP level 3. HP: 44/45 MP: 5/5
   980 | D:2      | Reached skill level 1 in Armour
   980 | D:2      | Reached XP level 4. HP: 14/54 MP: 6/6
  1133 | D:2      | Found Juqyrr's Antique Weapon Emporium.
  1187 | D:2      | Gained mutation: Your body often falls apart upon taking
                  | damage. [potion of mutation]
  1218 | D:2      | Noticed a big kobold
  1219 | D:2      | HP: 1/54 [adder (3)]
  1219 | D:2      | Slain by an adder

Illustrated notes

Levels and vault maps discovered:
D:1:      dpeg_arrival_court, layout_basic, chequers_serial_rivers_marsh
D:2:      layout_sewer, marbit_many_paths, elyvilon_niche, serial_shops,
          nicolae_shop_trees, nicolae_shop_trees, nicolae_shop_crystal,
          nicolae_shop_trees, shop, minmay_misc_feat_room, minmay_tromino_v7,
          uniq_purgy

Skill      XL: |  1  2  3  4 |
---------------+-------------+-----
Long Blades    | 3 4 |  4.3
Armour         | 1 |  1.4
Fighting       | |  0.2
Dodging        | |  1.2
Stealth        | |  4.9
Spellcasting   | |  1.0
Poison Magic   | |  2.0

Action                   |  1- 3 |  4- 6 || total
-------------------------+-------+-------++-------
Melee: Falchion          |    31 |     8 ||    39
       Unarmed           |    16 |       ||    16
       Kick              |    11 |     3 ||    14
       Constrict         |    10 |     3 ||    13
       Tailslap          |     6 |     2 ||     8
       Dagger            |     4 |     7 ||    11
  Use: Potion            |       |     1 ||     1
 Stab: Sleeping          |     3 |       ||     3
Armor: Leather armour    |     6 |     6 ||    12
Dodge: Dodged            |     5 |     5 ||    10
       Rpst.: Falchion   |     3 |     1 ||     4
